 Dungeon Crawl Stone Soup version 0.31-a0-232-gb1c03b2570 (webtiles) character file.

Game seed: 17649196800992482698

517 qw the Shooter (level 7, 0/43 HPs)
             Began as a Gargoyle Hexslinger on July 7, 2023.
             Slain by an orc priest
             ... wielding a +0 falchion
              (1 damage)
             ... on level 5 of the Dungeon.
             The game lasted 00:01:35 (3204 turns).

qw the Shooter (Gargoyle Hexslinger)                Turns: 3204, Time: 00:01:36

Health: 0/43       AC: 17    Str: 11    XL:     7   Next: 20%
Magic:  8/8        EV: 10    Int: 14    God:
Gold:   112        SH:  0    Dex: 14    Spells: 7/8 levels left

rFire   . . .        Y - +4 sling
rCold   + . .        (no shield)
rNeg    + . .        b - +1 ring mail {rC+}
rPois   inf          (no helmet)
rElec   +            h - +1 cloak
rCorr   .            (no gloves)
SInv    .            (no boots)
Will    .....        (no amulet)
Stlth   +            d - +4 ring of protection
HPRegen 0.27/turn    (no ring)
MPRegen 0.11/turn

%: no passive effects
@: no status effects
A: sickness immunity, AC +4, negative energy resistance 1, electricity
resistance, torment resistance 1, petrification resistance
a: no special abilities


You were on level 5 of the Dungeon.
You visited 1 branch of the dungeon, and saw 5 of its levels.

You collected 182 gold pieces.
You spent 70 gold pieces at shops.


Innate Abilities, Weirdness & Mutations

You are immune to sickness and miasma.
Your stone body is resilient. (AC +4)
You are immune to poison.
You resist negative energy. (rN+)
You are resistant to electric shocks. (rElec)
You are resistant to unholy torment.
You are immune to petrification.


   Skills:
 - Level 4.0 Fighting
 + Level 6.4 Ranged Weapons
 - Level 1.5 Armour
 - Level 1.5 Dodging
 - Level 1.0 Spellcasting
 - Level 2.6 Hexes


You had 7 spell levels left.
You knew the following spells:

 Your Spells              Type           Power      Damage    Failure   Level
a - Slow                  Hex            32%        N/A       21%         1

Your spell library contained the following spells:

 Spells                   Type           Power      Damage    Failure   Level
 Inner Flame              Hex/Fire       4%         N/A       71%         3
 Portal Projectile        Hex/Tloc       8%         N/A       71%         3
 Cause Fear               Hex            4%         N/A       90%         4

Inventory:

Hand Weapons
 Y - a +4 sling (weapon)
Armour
 a - a +2 robe of fire resistance
 b - a +1 ring mail of cold resistance (worn)
 h - a +1 cloak (worn)
Jewellery
 d - a +4 ring of protection (left hand)
Wands
 i - a wand of digging (7)
Scrolls
 c - a scroll of identify
Potions
 f - a potion of lignification {unknown}
 g - a potion of curing

Dungeon Overview and Level Annotations

Branches:
Dungeon (5/15)
 Temple: D:4-7

Altars:
Hepliaklqana
Yredelemnul

Shops:
D:1 !

Annotations:
D:3 3 runed translucent doors, qw's ghost, amateur GrHs


Message History

You shoot a sling bullet.
The sling bullet barely misses the orc warrior.
An orc comes into view. It is wielding a +0 flail.
The orc warrior hits you but does no damage.
You shoot a sling bullet.
The sling bullet closely misses the orc warrior.
The orc shouts!
The orc warrior hits you with a +0 hand axe. x2
You shoot a sling bullet. The sling bullet hits the orc warrior!
The orc warrior is moderately wounded.
The orc priest begins to cast a cantrip, but forgets the words!
You shoot a sling bullet.
The sling bullet closely misses the orc warrior.
The orc warrior hits you with a +0 hand axe.
You shoot a sling bullet. The sling bullet hits the orc warrior.
The orc warrior is heavily wounded.
The orc priest closely misses you.
The orc warrior hits you but does no damage.
You shoot a sling bullet.
The sling bullet hits the orc warrior but does no damage.
The orc warrior is heavily wounded.
The orc priest calls down the wrath of Beogh upon you.
Pain shoots through your body!
The orc warrior hits you with a +0 hand axe!
You shoot a sling bullet. The sling bullet hits the orc warrior.
The orc warrior is heavily wounded.
The orc priest closely misses you.
The orc warrior hits you with a +0 hand axe.
The orc hits you but does no damage.
The orc warrior hits you but does no damage.
The orc priest hits you but does no damage.
You shoot a sling bullet.
The sling bullet barely misses the orc warrior.
The orc priest barely misses you. The orc hits you but does no damage.
The orc warrior hits you but does no damage.
You shoot a sling bullet.
The sling bullet hits the orc warrior but does no damage.
The orc warrior is heavily wounded.
The orc priest hits you with a +0 falchion.
You die...

.# #. # .. #.
.#
#.####.###.#
####....$...)
......ooo.#
#@### #..<#
#.#.# #.#.#
#.#.# ###.#
..# ###


You could see an orc warrior, an orc priest and an orc.

Vanquished Creatures
  A sky beast (D:3)
  A phantom (D:4)
  A howler monkey (D:3)
  A hound (D:4)
  Jessica (D:2)
  Terence (D:2)
  2 iguanas
  7 adders
  3 gnolls (D:3)
  An ufetubus (D:4)
  3 dart slugs
  5 orcs
  8 endoplasms
  3 giant cockroaches
  7 goblins
  10 hobgoblins
  6 jackals (D:1)
  4 quokkas
  2 ball pythons
  6 bats
  3 frilled lizards
  3 kobolds
  4 rats
83 creatures vanquished.

Notes
Turn   | Place    | Note
-------+----------+-------------------------------------------
     0 | D:1      | qw the Gargoyle Hexslinger began the quest for the Orb.
     0 | D:1      | Reached XP level 1. HP: 12/12 MP: 2/2
     0 | D:1      | 0 ||| qw: Version: 0.3-a-46-gb1f654a
     0 | D:1      | 0 ||| qw: Game counter: 2524
     0 | D:1      | 0 ||| qw: Melee chars always use a shield: true
     0 | D:1      | 0 ||| qw: God list: Okawaru
     0 | D:1      | 0 ||| qw: Allow faded altars: false
     0 | D:1      | 0 ||| qw: Do Orc after clearing Dungeon:15 true
     0 | D:1      | 0 ||| qw: Do second Lair branch before Depths: true
     0 | D:1      | 0 ||| qw: Lair rune preference: random
     0 | D:1      | 0 ||| qw: Goals: Normal
     0 | D:1      | 0 ||| PLANNING D:1-11
     1 | D:1      | Noticed a minotaur skeleton
    51 | D:1      | Reached XP level 2. HP: 8/16 MP: 3/3
   157 | D:1      | Reached skill level 3 in Ranged Weapons
   271 | D:1      | Reached XP level 3. HP: 21/21 MP: 4/4
   355 | D:1      | Found Qachafah's Distillery.
   364 | D:1      | 364 ||| BUYING potion of heal wounds (70 gold).
   364 | D:1      | Bought a potion of heal wounds for 70 gold pieces
   877 | D:1      | 877 ||| UPGRADING to +0 ring mail.
   887 | D:1      | 887 ||| DROPPING +0 robe.
   888 | D:1      | 888 ||| READING scroll labelled XEDDIT VEBLERIM.
   891 | D:1      | 891 ||| READING scroll labelled MUNIPI ZOEMEOL.
   892 | D:1      | 892 ||| READING scroll labelled YFFUDGHAALARCH.
   893 | D:1      | 893 ||| READING scroll labelled AFOINODWUR.
   894 | D:1      | 894 ||| DROPPING scroll of poison.
   965 | D:2      | Noticed Terence
   968 | D:2      | Noticed Jessica
   974 | D:2      | HP: 2/21 [Jessica/nerve-wracking pain (5)]
   975 | D:2      | 975 ||| DRINKING 2 potions of heal wounds.
   981 | D:2      | Killed Jessica
   982 | D:2      | Reached skill level 4 in Ranged Weapons
   982 | D:2      | Reached XP level 4. HP: 22/26 MP: 5/5
   985 | D:2      | Killed Terence
   986 | D:2      | Reached skill level 1 in Armour
  1223 | D:2      | Found a faded altar of an unknown god.
  1229 | D:2      | Reached XP level 5. HP: 30/30 MP: 6/6
  1432 | D:2      | 1432 ||| UPGRADING to +2 robe of fire resistance.
  1442 | D:2      | 1442 ||| DROPPING +0 ring mail.
  1443 | D:2      | 1443 ||| UPGRADING to +1 cloak.
  1448 | D:2      | 1448 ||| DROPPING amulet of magic regeneration.
  1449 | D:2      | 1449 ||| READING scroll labelled SISEDI NITEGEW.
  1450 | D:2      | 1450 ||| READING scroll labelled BOMAXI FEFOR.
  1451 | D:2      | 1451 ||| DRINKING 2 golden potions.
  1633 | D:3      | HP: 6/30 [gnoll/+0 spear (2)]
  1634 | D:3      | 1634 ||| DRINKING 2 potions of heal wounds.
  1750 | D:3      | Found a hazy altar of Hepliaklqana.
  1764 | D:3      | Reached skill level 5 in Ranged Weapons
  2094 | D:3      | Found a runed translucent gate.
  2094 | D:3      | Found a runed translucent gate.
  2094 | D:3      | Noticed qw's ghost (amateur GrHs)
  2095 | D:3      | Found a runed translucent gate.
  2100 | D:3      | Identified the +3 scale mail of Beliont {*Slow rF+ Will+
                  | Str+8}
  2126 | D:3      | 2126 ||| UPGRADING to +1 ring mail of cold resistance.
  2136 | D:3      | 2136 ||| UPGRADING to +4 ring of protection.
  2137 | D:3      | 2137 ||| READING 2 scrolls of identify.
  2137 | D:3      | 2137 ||| IDENTIFYING pink potion
  2138 | D:3      | 2138 ||| DROPPING potion of attraction.
  2164 | D:4      | Noticed a sky beast
  2168 | D:4      | 2168 ||| STAIRDANCE
  2181 | D:3      | HP: 5/30 [howler monkey (3)]
  2182 | D:3      | 2182 ||| READING scroll of teleportation.
  2183 | D:3      | 2183 ||| DRINKING potion of heal wounds.
  2296 | D:3      | Reached skill level 3 in Fighting
  2387 | D:3      | Killed a sky beast
  2388 | D:3      | Reached XP level 6. HP: 31/37 MP: 7/7
  2451 | D:4      | 2451 ||| STAIRDANCE
  2577 | D:4      | Found a basalt altar of Yredelemnul.
  2691 | D:4      | Reached skill level 6 in Ranged Weapons
  2779 | D:4      | Reached XP level 7. HP: 34/41 MP: 8/8
  3154 | D:4      | 3154 ||| READING 3 scrolls labelled QECIUXK MUXATT.
  3155 | D:4      | 3155 ||| READING 2 scrolls of enchant weapon.
  3155 | D:4      | 3155 ||| ENCHANTING +2 sling.
  3156 | D:4      | 3156 ||| READING scroll of enchant weapon.
  3156 | D:4      | 3156 ||| ENCHANTING +3 sling.
  3183 | D:5      | Entered Level 5 of the Dungeon
  3201 | D:5      | HP: 5/43 [orc warrior/+0 hand axe (7)]
  3202 | D:5      | HP: 1/43 [orc warrior/+0 hand axe (5)]
  3204 | D:5      | Slain by an orc priest

Levels and vault maps discovered:
D:1:      shiori_arrival_whats_in_store_for_you, layout_basic, serial_shops,
          shop
D:2:      layout_rooms, hellmonk_ecumenical_altar_arch_garden, uniq_jessica,
          uniq_terence
D:3:      layout_basic, lemuel_round_altar, biasface_ghost_orc_armoury
D:4:      layout_rooms, yredelemnul_altar_generic
D:5:      layout_basic

Skill      XL: |  1  2  3  4  5  6  7 |
---------------+----------------------+-----
Ranged Weapons | 3 4 5 6 |  6.4
Fighting       | 2 3 4 |  4.0
Armour         | 1 |  1.5
Dodging        | |  1.5
Spellcasting   | |  1.0
Hexes          | |  2.6

Action                     |  1- 3 |  4- 6 |  7- 9 || total
---------------------------+-------+-------+-------++-------
   Fire: Sling             |   105 |   235 |    66 ||   406
    Use: Scroll            |     4 |     4 |     3 ||    11
         Potion            |     1 |     3 |       ||     4
 Armour: Robe              |    11 |    10 |       ||    21
         Ring mail         |     6 |   134 |    30 ||   170
  Dodge: Dodged            |    45 |   133 |    19 ||   197

Table legend:
 A = Non-vault XP
 B = Vault XP
 C = Vault XP percentage of total XP
 D = Non-vault monster count
 E = Vault monster count
 F = Vault count percentage of total count
                 A         B        C        D         E       F
            +---------+---------+-------+---------+---------+-------
      Total |     666 |      73 |   9.9 |      81 |       2 |   2.4
            +---------+---------+-------+---------+---------+-------
        D:1 |      54 |       0 |   0.0 |      30 |       0 |   0.0
        D:2 |      57 |      73 |  56.2 |      12 |       2 |  14.3
        D:3 |     288 |       0 |   0.0 |      21 |       0 |   0.0
        D:4 |     261 |       0 |   0.0 |      16 |       0 |   0.0
        D:5 |       6 |       0 |   0.0 |       2 |       0 |   0.0
            +---------+---------+-------+---------+---------+-------
